 Dungeon Crawl Stone Soup version 0.30-a0-802-gb92711bcdf (webtiles) character file.

Game seed: 3763418710025722037

448 cforsyth the Sneak (level 7, -1/44 HPs)
             Began as a Kobold Brigand on Feb 24, 2023.
             Killed by divine providence
             ... invoked by an orc priest
              (10 damage)
             ... on level 5 of the Dungeon.
             The game lasted 00:06:22 (3724 turns).

cforsyth the Sneak (Kobold Brigand)                 Turns: 3724, Time: 00:06:23

Health: -1/44      AC:  8    Str:  8    XL:     7   Next: 24%
Magic:  7/7        EV: 15    Int: 13    God:
Gold:   141        SH:  0    Dex: 18    Spells: 6/6 levels left

rFire   . . .      SeeInvis .    a - +2 dagger
rCold   . . .      Faith    .    (no shield)
rNeg    . . .      Spirit   .    x - +0 leather armour
rPois   +          Reflect  .    q - +2 helmet
rElec   .          Harm     .    c - +0 cloak
rCorr   .          Rampage  .    (no gloves)
Will    .....                    l - +0 pair of boots
Stlth   +++++                    (no amulet)
HPRegen 0.27/turn                i - ring of flight
MPRegen 0.10/turn                r - ring of poison resistance

@: flying
A: small, no large weapons, nightstalker 3
a: no special abilities


You were on level 5 of the Dungeon.
You visited 1 branch of the dungeon, and saw 5 of its levels.

You collected 141 gold pieces.

Inventory:

Hand Weapons
 a - a +2 dagger (weapon)
Missiles
 d - 11 poisoned darts (quivered)
 e - 3 curare-tipped darts
Armour
 c - a +0 cloak (worn)
 l - a +0 pair of boots (worn)
 q - a +2 helmet (worn)
 w - a scarf of resistance
 x - a +0 leather armour (worn)
Jewellery
 i - a ring of flight (left hand)
 p - a ring of ice
 r - a ring of poison resistance (right hand)
Scrolls
 b - a scroll of identify
 f - a scroll of amnesia {unknown}
 h - 4 scrolls of vulnerability
 j - a scroll of magic mapping {unknown}
 n - 5 scrolls of teleportation {unknown}
 t - a scroll of fog {unknown}
 u - a scroll of fear {unknown}
 v - a scroll of blinking {unknown}
 y - a scroll of acquirement {unknown}
Potions
 g - 2 potions of curing
 k - 2 potions of haste
 m - 3 potions of mutation
 o - a potion of flight {unknown}
 s - a potion of cancellation {unknown}
 z - 2 potions of heal wounds {unknown}


   Skills:
 + Level 4.3 Fighting
 + Level 5.3 Short Blades
 - Level 2.1 Throwing
 + Level 4.2 Dodging
 + Level 7.4 Stealth


You had 6 spell levels left.
You didn't know any spells.
Your spell library contained the following spells:

 Spells                   Type           Power      Damage    Failure   Level
 Sandblast                Erth           0%         2d4       41%         1
 Sting                    Tmut/Pois      0%         1d3       41%         1
 Cigotuvi's Dreadful Rot  Necr/Pois/Air  0%         N/A       56%         2
 Passwall                 Tmut/Erth      0%         N/A       56%         2
 Poisonous Vapours        Pois/Air       0%         N/A       56%         2
 Stone Arrow              Conj/Erth      0%         3d7       80%         3
 Dispel Undead            Necr           0%         3d6       99%         4
 Olgreb's Toxic Radiance  Pois           0%         N/A       99%         4
 Summon Forest            Summ/Tloc      0%         N/A       100%        5
 Summon Mana Viper        Hex/Summ       0%         N/A       100%        5
 Death Channel            Necr           0%         N/A       100%        6
 Summon Cactus Giant      Summ           0%         N/A       100%        6


Dungeon Overview and Level Annotations

Branches:
Dungeon (5/15)
 Temple: D:4-7

Altars:
Fedhas
Xom

Annotations:
D:4 1 runed translucent door, F1ng0rz's ghost, novice DjCj


Innate Abilities, Weirdness & Mutations

You are small and have problems with some larger weapons.
You are completely attuned to the shadows.


Message History

You hit the orc priest.
The orc priest is heavily wounded.
The orc priest looks braver for a moment.
The orc misses you. x2
You hit the orc priest but do no damage.
The orc priest is heavily wounded.
The orc closely misses you.
The orc priest mumbles some strange prayers to Beogh against you.
Pain shoots through your body! The orc misses you.
You hit the orc priest but do no damage.
The orc priest is heavily wounded.
You hit the orc priest.
The orc priest is heavily wounded.
The orc priest invokes the aid of Beogh against you.
You struggle to resist.
The orc hits you with a +0 war axe. The orc closely misses you.
You hit the orc priest.
The orc priest is severely wounded.
The orc hits you but does no damage.
The orc priest calls down the wrath of Beogh upon you.
Pain shoots through your body! The orc hits you with a +0 war axe!
You are too injured to fight recklessly!
You are too injured to fight recklessly!
You are too injured to fight recklessly!
You are too injured to fight recklessly!
You are too injured to fight recklessly!
You are too injured to fight recklessly!
You hit the orc priest but do no damage.
The orc priest is severely wounded.
The orc priest hits you with a +0 hand axe.
The orc hits you with a +0 war axe. The orc hits you with a +0 hand axe.
* * * LOW HITPOINT WARNING * * *
You hit the orc priest but do no damage.
The orc priest is severely wounded.
You hit the orc priest but do no damage.
The orc priest is severely wounded.
The orc hits you but does no damage.
The orc priest invokes the aid of Beogh against you.
Beogh smites you!
You die...

.............
............#
............#
............##..
...#####..###....
..........##.....
.................
...............
.####..###@o...
#.....##oo...
#.....##.....
#.....###....
#.....# #...
#.....# #.....#
#.....# #.....#


You could see an orc priest and 2 orcs.

Vanquished Creatures
  A water moccasin (D:4)
  2 scorpions
  6 adders
  9 gnolls
  A worm (D:3)
  A dart slug (D:3)
  6 orcs
  5 endoplasms
  2 giant cockroaches (D:2)
  10 goblins
  6 hobgoblins
  4 quokkas
  10 ball pythons
  6 bats
  5 frilled lizards
  4 kobolds
  4 rats
82 creatures vanquished.

Vanquished Creatures (others)
  7 plants (D:3)
7 creatures vanquished.

Grand Total: 89 creatures vanquished

Notes
Turn   | Place    | Note
-------+----------+-------------------------------------------
     0 | D:1      | cforsyth the Kobold Brigand began the quest for the Orb.
     0 | D:1      | Reached XP level 1. HP: 12/12 MP: 1/1
   245 | D:1      | Reached XP level 2. HP: 18/18 MP: 2/2
   441 | D:1      | Found a faded altar of an unknown god.
   601 | D:1      | Reached XP level 3. HP: 22/22 MP: 3/3
  1252 | D:2      | Reached XP level 4. HP: 26/27 MP: 4/4
  1331 | D:2      | Reached skill level 6 in Stealth
  1761 | D:3      | Found a shimmering altar of Xom.
  1788 | D:3      | Found a blossoming altar of Fedhas.
  2000 | D:3      | Reached XP level 5. HP: 32/32 MP: 5/5
  2506 | D:4      | Noticed a water moccasin
  2525 | D:4      | Killed a water moccasin
  2526 | D:4      | Reached XP level 6. HP: 13/38 MP: 6/6
  2678 | D:4      | Found a runed translucent door.
  2678 | D:4      | Noticed F1ng0rz's ghost (novice DjCj)
  2752 | D:4      | Reached skill level 7 in Stealth
  3214 | D:4      | Reached skill level 5 in Short Blades
  3488 | D:5      | Entered Level 5 of the Dungeon
  3493 | D:5      | Reached XP level 7. HP: 43/43 MP: 7/7
  3724 | D:5      | Killed from afar by an orc priest

Illustrated notes

Levels and vault maps discovered:
D:1:      heliophobic_arrival_henge, layout_basic,
          dilly_ecumenical_altar_fadedgnrine
D:2:      layout_rooms, minmay_misc_feat_encased, minmay_misc_feat_columns,
          minmay_door_square
D:3:      layout_rooms, mainiacjoe_overflow_boulevard, xom_butterflies,
          dreamdust_princess_bridge, serial_bayou_ford_a
D:4:      layout_loops_ring, hellmonk_ghost_happy_afterlife
D:5:      layout_rooms

Skill      XL: |  1  2  3  4  5  6 |
---------------+-------------------+-----
Short Blades   | 3 4 5 |  5.3
Dodging        | 2 3 4 |  4.2
Stealth        | 6 7 |  7.4
Fighting       | 3 4 |  4.3
Throwing       | |  2.1

Action                     |  1- 3 |  4- 6 |  7- 9 || total
---------------------------+-------+-------+-------++-------
  Melee: Dagger            |    83 |   152 |    59 ||   294
         Punch             |     1 |     4 |     1 ||     6
    Use: Scroll            |       |     6 |       ||     6
         Potion            |       |     1 |       ||     1
   Stab: Sleeping          |    17 |    25 |     2 ||    44
         Invisible         |       |     1 |       ||     1
 Armour: Robe              |    13 |    27 |       ||    40
         Leather armour    |       |       |     9 ||     9
  Dodge: Dodged            |    53 |    64 |    32 ||   149

Table legend: (Time is in decaauts)
 A = Elapsed time spent in this place.
 B = Non-inter-level travel time spent in this place.
 C = Inter-level travel time spent in this place.
 D = Time resting spent in this place.
 E = Time spent auto-exploring this place.
 F = Levels seen in this place.
 G = Mean time per level.
                   A        B        C        D        E       F      G
               +--------+--------+--------+--------+--------+-----+--------+
         Total |   3664 |   3494 |    170 |    264 |   2619 |   5 |  732.8 |
       Dungeon |   3664 |   3494 |    170 |    264 |   2619 |   5 |  732.8 |
               +--------+--------+--------+--------+--------+-----+--------+

Top non-repeatable levels by time:
     D:4: 1164 daAuts
     D:1: 947 daAuts
     D:2: 750 daAuts
     D:3: 695 daAuts
     D:5: 106 daAuts
